 Dungeon Crawl Stone Soup version 0.31-a0-246-g8cbcc1cb85 (webtiles) character file.

Game seed: 8542124880594501802

55 qw the Shooter (level 3, -4/29 HPs)
             Began as a Minotaur Hexslinger on July 12, 2023.
             Killed from afar by Natasha (6 damage)
             ... with a magic dart
             ... on level 2 of the Dungeon.
             The game lasted 00:00:35 (1237 turns).

qw the Shooter (Minotaur Hexslinger)                Turns: 1237, Time: 00:00:35

Health: -4/29      AC:  2    Str: 12    XL:     3   Next: 67%
Magic:  3/3        EV: 12    Int: 10    God:
Gold:   94         SH:  0    Dex: 14    Spells: 3/4 levels left

rFire   . . .        Y - +3 sling
rCold   . . .        (no shield)
rNeg    . . .        c - +0 robe
rPois   .            (helmet restricted)
rElec   .            (no cloak)
rCorr   .            (no gloves)
SInv    .            (no boots)
Will    .....        (no amulet)
Stlth   +            (no ring)
HPRegen 0.24/turn    (no ring)
MPRegen 0.08/turn

%: no passive effects
@: no status effects
A: horns 2, retaliatory headbutt
a: no special abilities


You were on level 2 of the Dungeon.
You visited 1 branch of the dungeon, and saw 2 of its levels.

You collected 94 gold pieces.


Innate Abilities, Weirdness & Mutations

You have a pair of horns on your head.
You reflexively headbutt those who attack you in melee.


   Skills:
 - Level 2.0 Fighting
 + Level 4.2 Ranged Weapons
 - Level 2.1 Dodging
 - Level 1.0 Spellcasting
 - Level 2.0 Hexes


You had 3 spell levels left.
You knew the following spells:

 Your Spells              Type           Power      Damage    Failure   Level
a - Slow                  Hex            16%        N/A       16%         1

Your spell library contained the following spells:

 Spells                   Type           Power      Damage    Failure   Level
 Inner Flame              Hex/Fire       2%         N/A       56%         3
 Portal Projectile        Hex/Tloc       4%         N/A       56%         3
 Cause Fear               Hex            2%         N/A       83%         4

Inventory:

Hand Weapons
 Y - a +3 sling (weapon)
Armour
 c - a +0 robe (worn)
Scrolls
 b - 2 scrolls of identify
 d - a scroll of revelation {unknown}
 i - a scroll of enchant armour {unknown}
Potions
 a - a potion of magic {unknown}
 e - a potion of enlightenment {unknown}
 f - a potion of might {unknown}
 g - a potion of attraction {unknown}
 h - a potion of curing
 j - a potion of invisibility {unknown}

Dungeon Overview and Level Annotations

Branches:
Dungeon (2/15)

Altars:

Annotations:
D:2 Natasha


Message History

Enter note:
Enter note:
Enter note:
Enter note:
Enter note:
Enter note:
Enter note:
Enter note: You shoot a sling bullet.
The sling bullet closely misses Natasha.
You shoot a sling bullet.
The sling bullet closely misses Natasha.
Natasha stares at you and mumbles some strange words.
The magic dart hits you.
You shoot a sling bullet. The sling bullet hits Natasha!
Natasha is severely wounded.
Natasha casts a spell at you. The magic dart hits you!
You shoot a sling bullet.
The sling bullet closely misses Natasha.
You shoot a sling bullet. The sling bullet hits Natasha.
Natasha is severely wounded.
Natasha stares at you and mumbles some strange words.
The magic dart hits you.
You shoot a sling bullet. The sling bullet barely misses Natasha.
Natasha drinks a potion.
Natasha is healed!
You shoot a sling bullet. The sling bullet hits Natasha.
Natasha is lightly wounded.
Natasha completely misses you.
You shoot a sling bullet.
The sling bullet closely misses Natasha.
Natasha casts a spell at you. You resist with significant effort.
You shoot a sling bullet. The sling bullet misses Natasha.
Natasha claws you!
You shoot a sling bullet. The sling bullet hits Natasha.
Natasha is heavily wounded.
Natasha casts a spell at you. The magic dart hits you.
You die...

............###......##.#
######.#.#..# #..#.......
#.#.#..# #..#..)....
#.#.#..# #. #...##.#
#.#.#..# # #...##..
#.#.#..# #.. #..
#####.#.#..####.#.. #..
....................##..
##....@h...............
#.#$#.#.#####.#...##.. ..
...... #....... #.
...#.#..# #...##.. #
#.#.#.#..## #.......
..#.#.# .##.#.......
.###...#..##.#....... ..
^.................
##...#..##.#...#+#.


You could see Natasha.

Vanquished Creatures
  5 dart slugs
  3 bats (D:1)
  2 giant cockroaches
  7 hobgoblins
  4 kobolds (D:1)
  3 quokkas
  2 ball pythons
  2 frilled lizards
  8 goblins (D:1)
  6 rats
42 creatures vanquished.

Notes
Turn   | Place    | Note
-------+----------+-------------------------------------------
     0 | D:1      | qw the Minotaur Hexslinger began the quest for the Orb.
     0 | D:1      | Reached XP level 1. HP: 16/16 MP: 1/1
     0 | D:1      | 0 ||| qw: Version: 0.3-a-52-g30416fa
     0 | D:1      | 0 ||| qw: Game counter: 6341
     0 | D:1      | 0 ||| qw: Melee chars always use a shield: true
     0 | D:1      | 0 ||| qw: God list: Okawaru
     0 | D:1      | 0 ||| qw: Allow faded altars: false
     0 | D:1      | 0 ||| qw: Do Orc after clearing Dungeon:15 true
     0 | D:1      | 0 ||| qw: Do second Lair branch before Depths: true
     0 | D:1      | 0 ||| qw: Lair rune preference: random
     0 | D:1      | 0 ||| qw: Goals: Normal
     0 | D:1      | 0 ||| PLANNING D:1-11
   141 | D:1      | Reached skill level 3 in Ranged Weapons
   141 | D:1      | Reached XP level 2. HP: 23/23 MP: 2/2
   404 | D:1      | Reached XP level 3. HP: 29/29 MP: 3/3
   695 | D:1      | 695 ||| READING scroll labelled MEHEKHL FIUFUIH.
   696 | D:1      | 696 ||| READING scroll labelled BEYLUUK QOHAC.
   697 | D:1      | 697 ||| READING scroll labelled JUZOEM DIASCHIHEG.
   698 | D:1      | 698 ||| READING scroll labelled TYMNAXKINU.
   699 | D:1      | 699 ||| DRINKING 2 fuming puce potions.
   700 | D:1      | 700 ||| DROPPING scroll of poison.
   858 | D:2      | Found a faded altar of an unknown god.
   880 | D:2      | 880 ||| READING scroll of enchant weapon.
   880 | D:2      | 880 ||| ENCHANTING +2 sling.
   916 | D:2      | Reached skill level 4 in Ranged Weapons
  1224 | D:2      | Noticed Natasha
  1236 | D:2      | HP: 2/29 [Natasha (7)]
  1237 | D:2      | Killed from afar by Natasha

Levels and vault maps discovered:
D:1:      dpeg_arrival_pond, layout_loops_ring, minmay_bisected
D:2:      layout_basic, basic_ecumenical_altar, minmay_ruptured, uniq_natasha

Skill      XL: |  1  2  3 |
---------------+----------+-----
Ranged Weapons | 3 4 |  4.2
Fighting       | 2 |  2.0
Dodging        | |  2.1
Spellcasting   | |  1.0
Hexes          | |  2.0

Action                     || total
---------------------------++-------
   Fire: Sling             ||   129
    Use: Scroll            ||     5
         Potion            ||     1
 Armour: Robe              ||     4
  Dodge: Dodged            ||    37

Table legend:
 A = Non-vault XP
 B = Vault XP
 C = Vault XP percentage of total XP
 D = Non-vault monster count
 E = Vault monster count
 F = Vault count percentage of total count
                 A         B        C        D         E       F
            +---------+---------+-------+---------+---------+-------
      Total |      67 |      12 |  15.2 |      37 |       5 |  11.9
            +---------+---------+-------+---------+---------+-------
        D:1 |      47 |       2 |   4.1 |      28 |       2 |   6.7
        D:2 |      20 |      10 |  33.3 |       9 |       3 |  25.0
            +---------+---------+-------+---------+---------+-------
